 Dungeon Crawl Stone Soup version 0.30-a0-870-gc5d4c5acee (webtiles) character file.

Game seed: 14184776197989708247

667 Grim the Ruffian (level 7, -3/67 HPs)
             Began as a Troll Fighter on Mar 11, 2023.
             Was an Initiate of Wu Jian.
             Slain by a killer bee (8 damage)
             ... on level 4 of the Dungeon.
             The game lasted 00:08:30 (3698 turns).

Grim the Ruffian (Troll Fighter)                    Turns: 3698, Time: 00:08:32

Health: -3/67      AC:  5    Str: 25    XL:     7   Next: 31%
Magic:  6/6        EV: 10    Int:  6    God:    Wu Jian [......]
Gold:   202        SH:  0    Dex:  9    Spells: 6/6 levels left

rFire   . . .      SeeInvis .      - Unarmed
rCold   . . .      Faith    .    (no shield)
rNeg    . . .      Spirit   .    a - +0 robe
rPois   .          Reflect  .    (helmet restricted)
rElec   .          Rampage  .    u - +0 cloak
rCorr   .                        (gloves unavailable)
Will    .....                    (boots unavailable)
Stlth   +                        (no amulet)
HPRegen 1.11/turn                (no ring)
MPRegen 0.10/turn                (no ring)

@: lethally poisoned (-3 -> -11), flying
A: large, unfitting armour, claws 3, regeneration 1, shaggy fur 1, tough skin 1
a: Renounce Religion


You were on level 4 of the Dungeon.
You worshipped Wu Jian.
Wu Jian was noncommittal.
You visited 2 branches of the dungeon, and saw 6 of its levels.
You also visited: Sewer.

You collected 202 gold pieces.

Inventory:

Missiles
 b - 7 javelins (quivered)
Armour
 a - a +0 robe (worn)
 u - a +0 cloak (worn)
Jewellery
 j - a ring of resist corrosion
Scrolls
 d - a scroll of torment {unknown}
 f - 2 scrolls of blinking {unknown}
 g - 6 scrolls of teleportation {unknown}
 h - 5 scrolls of identify {unknown}
 l - a scroll of fear {unknown}
 n - a scroll of vulnerability {unknown}
 o - a scroll of noise {unknown}
 q - a scroll of summoning {unknown}
 r - a scroll of immolation {unknown}
 s - 2 scrolls of enchant weapon {unknown}
 t - a scroll of amnesia {unknown}
Potions
 c - 2 potions of might
 e - 2 potions of heal wounds
 i - a potion of cancellation {unknown}
 k - 2 potions of flight
 m - 2 potions of curing {unknown}
 p - a potion of lignification {unknown}


   Skills:
 + Level 3.1 Fighting
 - Level 2.4 Dodging
 - Level 2.6 Shields
 + Level 7.9 Unarmed Combat


You had 6 spell levels left.
You didn't know any spells.
Your spell library contained the following spells:

 Spells                   Type           Power      Damage    Failure   Level
 Kindle Blastsparks       Fire/Tloc/Air  0%         2d10      83%         3
 Stone Arrow              Conj/Erth      0%         3d7       83%         3
 Animate Armour           Summ/Erth      0%         N/A       99%         4
 Fulminant Prism          Conj/Hex       0%         3d5       99%         4
 Iskenderun's Mystic Bla  Conj/Tloc      0%         2d3       99%         4
 Manifold Assault         Tloc           0%         N/A       99%         4
 Lee's Rapid Deconstruct  Erth           0%         3d4*      100%        5
 Dispersal                Tloc           0%         N/A       100%        6
 Disjunction              Tloc           0%         N/A       100%        8
 Lehudib's Crystal Spear  Conj/Erth      0%         10d2      100%        8


Dungeon Overview and Level Annotations

Branches:
Dungeon (5/15)             Temple (1/1) D:4           Sewer (visited)

Altars:
Ashenzari
Cheibriados
Dithmenos
Elyvilon
Gozag
Hepliaklqana
Makhleb
Nemelex Xobeh
Okawaru
Qazlal
Ru
Sif Muna
Uskayaw
Vehumet
Wu Jian
Xom
Yredelemnul
Zin
The Shining One

Shops:
D:2 [


Innate Abilities, Weirdness & Mutations

You are too large for most types of armour.
You have claws for hands.
Your natural rate of healing is unusually fast.
You are covered in fur. (AC +1)
You have tough skin. (AC +1)


Message History

The killer bee attacks as you move away!
The killer bee stings you.
* * * LOW HITPOINT WARNING * * *
You feel very sick. The killer bee barely misses you.
The killer bee stings you.
* * * LOW HITPOINT WARNING * * *
You are lethally poisoned!
The killer bee poisons you!
The killer bee stings you but does no damage.
* * * LOW HITPOINT WARNING * * *
You feel very sick.
The killer bee stings you but does no damage.
It was a potion of heal wounds.
You feel much better.
You feel very sick. The killer bee stings you.
* * * LOW HITPOINT WARNING * * *
You are more poisoned.
The killer bee poisons you! The killer bee stings you.
* * * LOW HITPOINT WARNING * * *
You are lethally poisoned!
The killer bee poisons you!
You claw the killer bee!
The killer bee is almost dead.
* * * LOW HITPOINT WARNING * * *
You feel very sick. The killer bee closely misses you.
The killer bee barely misses you.
You closely miss the killer bee.
The killer bee is almost dead.
* * * LOW HITPOINT WARNING * * *
You feel very sick. The killer bee stings you.
* * * LOW HITPOINT WARNING * * *
The killer bee stings you but does no damage.
It was a potion of flight.
You feel very buoyant.
You fly up into the air.
* * * LOW HITPOINT WARNING * * *
You feel very sick. The killer bee barely misses you.
The killer bee stings you!
You die...

# #.)..#.#.# #... # #......#)#
#... # #.....##.# #...
############.#.#.##.##########..#
.............#.#.##.............#
##############.#.#####.###.###.##
..........# #.#.# #.##.#.#...#
#########.# #.#.# #.#.###..#..
#.# #.#@#####.#..#.#.(.# #<#
#.#y#.......#>###.##
#.####..y).....###.# #.#
#........>.....# #.###.##
#######.......## #.......
#.......####.###..#
#................##
#........###.##.#.#
#............##.##.


You could see 2 killer bees.

Vanquished Creatures
  Sigmund (D:2)
  2 bullfrogs (Sewer)
  An orc priest (D:5)
  2 iguanas
  An orc wizard (D:4)
  Terence (D:2)
  Robin (D:3)
  4 adders
  4 gnolls
  A white imp (D:5)
  2 worms
  3 dart slugs
  7 orcs
  3 bats
  10 endoplasms
  16 giant cockroaches
  19 goblins
  7 hobgoblins
  13 jackals (D:1)
  9 kobolds
  6 quokkas
  14 ball pythons
  11 frilled lizards
  5 rats
143 creatures vanquished.

Notes
Turn   | Place    | Note
-------+----------+-------------------------------------------
     0 | D:1      | Grim the Troll Fighter began the quest for the Orb.
     0 | D:1      | Reached XP level 1. HP: 22/22 MP: 0/0
   253 | D:1      | Reached XP level 2. HP: 29/29 MP: 1/1
   371 | D:1      | Reached skill level 3 in Unarmed Combat
   403 | D:1      | Found a faded altar of an unknown god.
   491 | D:1      | Reached XP level 3. HP: 26/36 MP: 2/2
   683 | D:1      | You fall into a shaft and drop 1 floor!
   691 | D:2      | Reached skill level 4 in Unarmed Combat
   695 | D:2      | Found a sacrificial altar of Ru.
   713 | D:2      | Found Dounk's Armour Shop.
   794 | D:2      | Noticed Sigmund
   819 | D:2      | Killed Sigmund
   820 | D:2      | Reached skill level 5 in Unarmed Combat
   820 | D:2      | Reached XP level 4. HP: 7/44 MP: 3/3
   820 | D:2      | Reached XP level 5. HP: 8/50 MP: 4/4
  1023 | D:2      | Reached skill level 6 in Unarmed Combat
  1203 | D:2      | Noticed Terence
  1212 | D:2      | Killed Terence
  1608 | D:3      | Reached XP level 6. HP: 55/59 MP: 5/5
  1670 | D:3      | Noticed Robin
  1679 | D:3      | Killed Robin
  1731 | D:3      | Found a glowing drain.
  1736 | Sewer    | Entered a sewer
  1952 | Sewer    | Reached skill level 7 in Unarmed Combat
  2916 | D:4      | Reached XP level 7. HP: 66/66 MP: 6/6
  2933 | D:4      | Found a staircase to the Ecumenical Temple.
  2947 | Temple   | Entered the Ecumenical Temple
  3005 | Temple   | Became a worshipper of the Wu Jian Council
  3571 | D:5      | Entered Level 5 of the Dungeon
  3698 | D:4      | Slain by a killer bee

Illustrated notes

Levels and vault maps discovered:
D:1:      matt_arrival_los_fun, layout_loops_ring, basic_ecumenical_altar,
          feat_on_display
D:2:      layout_basic, basic_altar, serial_shops,
          nicolae_shop_temple_entry_statues_fountains, grunt_ministairs_6,
          minmay_goblin_outpost, uniq_terence, uniq_sigmund
D:3:      layout_loops_ring, gup_sewer_entry_bowl, uniq_robin
D:4:      layout_loops_ring, minmay_temple_entry_antechambers
D:5:      layout_rooms
Temple:   nicolae_temple_bog_church

Skill      XL: |  1  2  3  4  5  6  7 |
---------------+----------------------+-----
Unarmed Combat | 3 5 6 7 |  7.9
Fighting       | 3 |  3.1
Dodging        | |  2.4
Shields        | |  2.6

Action                     |  1- 3 |  4- 6 |  7- 9 || total
---------------------------+-------+-------+-------++-------
  Melee: Unarmed           |   116 |   179 |    47 ||   342
         Punch             |       |     5 |     3 ||     8
  Throw: Javelin           |     2 |     2 |       ||     4
Ability: Lunge             |       |       |     4 ||     4
    Use: Potion            |       |       |     2 ||     2
   Stab: Sleeping          |     1 |     1 |       ||     2
 Armour: Robe              |    45 |    45 |    13 ||   103
  Dodge: Dodged            |    47 |    72 |    28 ||   147

Table legend: (Time is in decaauts)
 A = Elapsed time spent in this place.
 B = Non-inter-level travel time spent in this place.
 C = Inter-level travel time spent in this place.
 D = Time resting spent in this place.
 E = Time spent auto-exploring this place.
 F = Levels seen in this place.
 G = Mean time per level.
                   A        B        C        D        E       F      G
               +--------+--------+--------+--------+--------+-----+--------+
         Total |   3670 |   3521 |    149 |    315 |   2196 |   7 |  524.3 |
       Dungeon |   3145 |   3017 |    128 |    315 |   1890 |   5 |  629.0 |
        Temple |     79 |     58 |     21 |      0 |     39 |   1 |   79.0 |
         Sewer |    444 |    444 |      0 |      0 |    267 |   1 |  444.0 |
               +--------+--------+--------+--------+--------+-----+--------+

Top non-repeatable levels by time:
     D:3: 864 daAuts
     D:1: 853 daAuts
     D:4: 776 daAuts
     D:2: 598 daAuts
   Sewer: 444 daAuts
  Temple: 79 daAuts
     D:5: 52 daAuts
